 Dungeon Crawl Stone Soup version 0.31.0-11-ge490571c62 (webtiles) character file.

Game seed: 18138950566297081688

39 qw the Shooter (level 3, -1/20 HPs)
             Began as a Deep Elf Hunter on Feb 4, 2024.
             Succumbed to their own poison gas
             ... on level 2 of the Dungeon.
             The game lasted 00:00:03 (1177 turns).

qw the Shooter (Deep Elf Hunter)                    Turns: 1177, Time: 00:00:04

Health: -1/20      AC:  5    Str: 10    XL:     3   Next: 28%
Magic:  5/5        EV: 11    Int: 13    God:
Gold:   131        SH:  0    Dex: 18    Spells: 2/2 levels left

rFire   . . .        a - +0 shortbow
rCold   . . .        (shield currently unavailable)
rNeg    . . .        d - +0 ring mail
rPois   .            (no helmet)
rElec   .            (no cloak)
rCorr   .            (no gloves)
SInv    .            (no boots)
Will    .....        (no amulet)
Stlth   +            (no ring)
HPRegen 0.23/turn    (no ring)
MPRegen 0.09/turn

%: no passive effects
@: lethally poisoned (-1 -> -10)
A: no striking features
a: no special abilities


You were on level 2 of the Dungeon.
You visited 1 branch of the dungeon, and saw 2 of its levels.

You collected 131 gold pieces.


   Skills:
 - Level 1.5 Fighting
 + Level 6.9 Ranged Weapons
 - Level 2.4 Dodging
 - Level 1.2 Stealth


You had 2 spell levels left.
You didn't know any spells.
Your spell library was empty.

Inventory:

Hand Weapons
 a - a +0 shortbow (weapon)
Armour
 d - a +0 ring mail (worn)
Scrolls
 c - a scroll of teleportation
Potions
 b - a potion of invisibility {unknown}
 f - a potion of attraction {unknown}
 g - a potion of magic {unknown}

Dungeon Overview and Level Annotations

Branches:
Dungeon (2/15)

Altars:


Message History

Your surroundings suddenly seem different.
Done exploring.
1171 ||| READING scroll labelled XUITRE GUNERAR.
The air fills with toxic fumes!
As you read the scroll labelled XUITRE GUNERAR, it crumbles to dust.
It was a scroll of poison.
Done exploring.
1172 ||| READING scroll labelled RIRUIPL BEOZU.
As you read the scroll labelled RIRUIPL BEOZU, it crumbles to dust.
You hear a loud clanging noise!
It was a scroll of noise.
Done exploring.
What level of the Dungeon? (default 2, ? - help) Sorry, I don't know how to get there.
Enter note:
Enter note:
Enter note:
Enter note:
Enter note:
Enter note:
Enter note:
Enter note:
Enter note:
Enter note:
Enter note:
Enter note:
Enter note:
Enter note:
Enter note: You are engulfed in poison gas.
You are lethally poisoned!
You feel very sick.
1174 ||| Stepping ~*~*~tactically~*~*~ (cloud).
You feel very sick.
There is a lethal amount of poison in your body!
You feel very sick.
There is a lethal amount of poison in your body!
You feel sick.
There is a lethal amount of poison in your body!
You die...

##....#.#...#####......##...#....
........#...# ###......##...#####
........#.¤¤###...###'###########
...........¤¤.?....<#...........#
#####...##..¤##...###...........#
....'........¤0)................#
#####.....####¤#####.............
..........+0¤00¤0¤........####..#
...####...##¤¤¤¤@###....### #.##
......#...##¤¤0¤¤¤##....# ###...
......######00¤¤¤¤¤¤.#'## ##.....
......# #¤¤¤¤¤#0¤¤#.####......
......# #######¤¤¤#.##......##
.###### #.¤##.#..##...# .#
##¤¤.>..###...# .# ######## #...#
## #####


There were no monsters in sight!

Vanquished Creatures
  4 dart slugs
  3 ball pythons
  4 endoplasms
  3 giant cockroaches
  A hobgoblin (D:1)
  3 jackals (D:2)
  A quokka (D:2)
  A bat (D:1)
  3 goblins (D:1)
  2 kobolds (D:1)
  3 rats
28 creatures vanquished.

Notes
Turn   | Place    | Note
-------+----------+-------------------------------------------
     0 | D:1      | qw the Deep Elf Hunter began the quest for the Orb.
     0 | D:1      | Reached XP level 1. HP: 12/12 MP: 3/3
     0 | D:1      | 0 ||| qw: Version: 0.3-a-160-g6735b56
     0 | D:1      | 0 ||| qw: Game counter: 5105
     0 | D:1      | 0 ||| qw: Melee chars always use a shield: true
     0 | D:1      | 0 ||| qw: God list: Okawaru
     0 | D:1      | 0 ||| qw: Allow faded altars: false
     0 | D:1      | 0 ||| qw: Do Orc after clearing Dungeon:15 true
     0 | D:1      | 0 ||| qw: Do second Lair branch before Depths: true
     0 | D:1      | 0 ||| qw: Lair rune preference: random
     0 | D:1      | 0 ||| qw: Goals: Normal
     0 | D:1      | 0 ||| PLANNING D:1-11
   256 | D:1      | Reached XP level 2. HP: 16/16 MP: 4/4
   306 | D:1      | Reached skill level 6 in Ranged Weapons
   544 | D:1      | 544 ||| UPGRADING to +0 ring mail.
   554 | D:1      | 554 ||| DROPPING +0 leather armour.
   555 | D:1      | 555 ||| READING scroll labelled DUSUXK UTSIGAA.
   556 | D:1      | 556 ||| DROPPING scroll of butterflies.
   608 | D:2      | Reached XP level 3. HP: 20/20 MP: 5/5
  1166 | D:2      | 1166 ||| READING 2 scrolls labelled XOQ GETSA VIVI.
  1171 | D:2      | 1171 ||| READING scroll labelled XUITRE GUNERAR.
  1172 | D:2      | 1172 ||| READING scroll labelled RIRUIPL BEOZU.
  1174 | D:2      | 1174 ||| Stepping ~*~*~tactically~*~*~ (cloud).
  1175 | D:2      | HP: 3/20 [poisoned by you (poison gas)]
  1177 | D:2      | Succumbed to their own poison gas

Levels and vault maps discovered:
D:1:      minmay_arrival_three_doors, layout_basic
D:2:      layout_basic

Skill      XL: |  1  2 |
---------------+-------+-----
Ranged Weapons | 6 |  6.9
Fighting       | |  1.5
Dodging        | |  2.4
Stealth        | |  1.2

Action                     || total
---------------------------++-------
   Fire: Shortbow          ||    76
    Use: Scroll            ||     4
 Armour: Leather armour    ||     3
         Ring mail         ||     2
  Dodge: Dodged            ||     5

Table legend:
 A = Non-vault XP
 B = Vault XP
 C = Vault XP percentage of total XP
 D = Non-vault monster count
 E = Vault monster count
 F = Vault count percentage of total count
                 A         B        C        D         E       F
            +---------+---------+-------+---------+---------+-------
      Total |      57 |       0 |   0.0 |      28 |       0 |   0.0
            +---------+---------+-------+---------+---------+-------
        D:1 |      31 |       0 |   0.0 |      16 |       0 |   0.0
        D:2 |      26 |       0 |   0.0 |      12 |       0 |   0.0
            +---------+---------+-------+---------+---------+-------
